Map: Prion Terraces

Players

FireCake - Winner!

  • Race: Zerg Zerg
  • League: Master

Lilbow

  • Race: Protoss Protoss
  • League: Grandmaster

Event: DreamHack ZOWIE Open Leipzig

VOD

Have the link to the VOD?

Description

Time

  • Played on: Jan. 22, 2016, 8:13 a.m.
  • Length: 13:21

All games in this series

Show
View Real Time Build Order
Export as new Build Order

FireCake Zerg - Winner!

Build Orders: Hatch First 

Get SALT Encoding   

  12  0:01  Drone  
  13  0:08  Drone  
  14  0:16  Overlord  
  14  0:24  Drone, Extractor  
  15  0:34  Drone x2  
  17  0:47  Drone  
  18  0:57  Hatchery  
  18  0:58  Drone  
  18  1:06  Drone  
  19  1:12  Extractor  
  19  1:16  Spawning Pool  
  19  1:18  Drone  
  18  1:26  Drone  
  19  1:38  Overlord  
  19  1:58  Drone  
  20  2:04  Queen  
  22  2:08  Queen  
  22  2:09  Drone  
  22  2:10  Zergling x2  
  22  2:14  Metabolic Boost  
  26  2:22  Drone  
  27  2:29  Hatchery  
  26  2:34  Zergling x4  
  26  2:35  Zergling x2  
  29  2:37  Drone  
  30  2:47  Overlord  
  30  2:51  Queen  
  29  3:01  Zergling x2  
  29  3:02  Zergling x2  
  30  3:12  Drone  
  30  3:13  Drone x2  
  30  3:19  Drone x7  
  39  3:37  Overlord  
  39  3:39  Drone x3  
  39  3:40  Queen  
  44  3:53  Drone x3  
  49  3:57  Overlord  
  49  4:06  Drone x2  
  49  4:07  Zergling x2  
  49  4:08  Zergling x8  
  56  4:12  Extractor  
  56  4:13  Roach Warren  
  52  4:27  Drone x5  
  52  4:29  Extractor  
  52  4:31  Extractor  
  55  4:36  Drone  
  55  4:37  Drone x9  
  65  4:40  Overlord  
  65  4:45  Overlord  
  65  4:57  Spine Crawler  
  65  4:59  Roach  
  70  5:00  Roach x3  
  70  5:04  Spine Crawler  
  70  5:05  Spine Crawler, Roach x2  
  74  5:10  Extractor  
  74  5:11  Overlord  
  74  5:12  Overlord  
  73  5:15  Lair  
  73  5:17  Roach x3  
  73  5:18  Roach, Zergling x2  
  73  5:21  Overlord, Spine Crawler  
  81  5:22  Overlord  
  81  5:31  Roach x2  
  81  5:32  Roach x2  
  86  5:41  Roach x6  
  95  5:45  Drone  
  95  5:46  Drone x5  
  91  5:57  Drone  
  91  5:58  Drone x2  
  94  6:07  Overlord  
  94  6:09  Drone x2  
  95  6:14  Glial Reconstitution  
  95  6:15  Zergling x8  
  95  6:16  Zergling x2  
  100  6:21  Hatchery  
  100  6:24  Zergling x2  
  100  6:25  Zergling x8  
  104  6:29  Evolution Chamber  
  103  6:36  Zergling x6  
  106  6:40  Ravager  
  106  6:41  Ravager x2  
  106  6:42  Ravager  
  106  6:44  Ravager x3  
  106  6:45  Zergling x14  
  119  6:49  Pneumatized Carapace  
  109  7:05  Overlord x2  
  109  7:07  Roach x2  
  113  7:10  Overseer x2  
  113  7:15  Overlord x2  
  113  7:18  Extractor  
  112  7:31  Roach  
  112  7:32  Roach x7  
  126  7:48  Roach x5  
  131  7:54  Spine Crawler  
  129  7:58  Overlord  
  129  7:59  Overlord x4  
  100  8:20  Roach x2  
  100  8:21  Roach x6  
  112  8:35  Roach x5  
  122  8:42  Zerg Missile Weapons Level 1  
  117  8:55  Roach x6  
  123  9:13  Zergling x16  
  131  9:17  Ravager  
  131  9:18  Ravager x2  
  131  9:19  Ravager  
  131  9:20  Ravager  
  131  9:21  Ravager  
  137  9:27  Roach x3  
  142  9:44  Hatchery  
  140  9:50  Roach x6  
  144  10:12  Roach  
  144  10:13  Roach x7  
  156  10:20  Roach  
  156  10:21  Roach  
  128  10:45  Roach x8  
  142  10:53  Roach x4  
  145  11:02  Drone x3  
  145  11:17  Drone x5  
  144  11:26  Roach x6  
  156  11:33  Ravager  
  156  11:34  Ravager x2  
  159  11:40  Zergling x16  
  159  11:41  Zergling x2  
  168  11:55  Overlord x2  
  168  11:56  Overlord  
  168  12:05  Overlord  
  168  12:19  Zergling x18  
  168  12:20  Ravager x4  
  168  12:21  Ravager  
  182  12:31  Zergling x12  
  180  12:44  Zergling x8  
  180  12:45  Zergling x4  
  165  12:58  Zergling x2  
  165  12:59  Zergling x16  
Show
View Real Time Build Order
Export as new Build Order

Lilbow Protoss 

Build Orders: 1 Gate Expand, Mass Adepts 

Get SALT Encoding   

  12  0:01  Probe (Chrono Boost)  
  13  0:13  Pylon  
  13  0:17  Probe (Chrono Boost)  
  14  0:28  Probe (Chrono Boost)  
  15  0:34  Gateway  
  15  0:38  Probe (Chrono Boost)  
  16  0:45  Assimilator  
  16  0:49  Probe (Chrono Boost)  
  17  1:00  Probe (Chrono Boost)  
  18  1:06  Gateway  
  18  1:10  Probe (Chrono Boost)  
  19  1:21  Cybernetics Core  
  19  1:42  Nexus  
  19  1:45  Pylon  
  19  1:59  Adept x2 (Chrono Boost)  
  23  2:03  Probe  
  23  2:07  Assimilator  
  24  2:14  Warp Gate (Chrono Boost)  
  24  2:15  Probe  
  25  2:25  Adept (Chrono Boost)  
  25  2:26  Adept (Chrono Boost)  
  25  2:29  Probe  
  30  2:41  Probe  
  31  2:53  Probe  
  31  2:54  Mothership Core  
  34  3:03  Probe  
  35  3:07  Adept  
  35  3:14  Probe  
  35  3:15  Probe  
  37  3:20  Adept  
  37  3:24  Probe  
  40  3:27  Probe  
  40  3:29  Twilight Council  
  41  3:35  Probe  
  41  3:39  Probe  
  43  3:42  Pylon  
  43  3:45  Probe  
  43  3:51  Probe  
  44  3:57  Probe  
  45  4:03  Probe  
  45  4:05  Resonating Glaives (Chrono Boost), Adept x2  
  45  4:09  Probe, Pylon  
  51  4:11  Gateway  
  51  4:15  Probe  
  52  4:17  Assimilator  
  52  4:19  Assimilator  
  52  4:21  Probe  
  53  4:27  Probe, Adept x2  
  53  4:28  Pylon  
  58  4:33  Probe  
  58  4:38  Pylon  
  59  4:43  Pylon  
  60  4:45  Probe  
  60  4:46  Adept  
  60  4:47  Probe  
  60  4:48  Adept  
  65  4:54  Robotics Facility  
  65  5:03  Gateway  
  65  5:05  Adept x2  
  65  5:06  Gateway  
  69  5:09  Adept  
  71  5:20  Gateway  
  71  5:22  Pylon  
  71  5:28  Stalker x2  
  75  5:32  Stalker  
  77  5:37  Probe  
  77  5:38  Probe  
  75  5:48  Blink (Chrono Boost)  
  75  5:49  Probe  
  74  5:50  Probe  
  73  5:59  Stalker x3  
  73  6:00  Observer (Chrono Boost)  
  73  6:01  Probe  
  79  6:05  Stalker  
  81  6:14  Pylon  
  81  6:15  Stalker x2  
  85  6:19  Warp Prism (Chrono Boost)  
  87  6:26  Stalker x3  
  93  6:38  Stalker x3  
  91  7:06  Stalker  
  91  7:07  Stalker x4  
  101  7:10  Pylon  
  101  7:11  Pylon  
  101  7:14  Pylon  
  101  7:32  Stalker x2  
  101  7:33  Stalker x4  
  99  7:59  Stalker x5  
  99  8:00  Stalker  
  97  8:28  Stalker x6  
  99  9:05  Stalker  
  99  9:06  Stalker x5  
  111  9:19  Nexus  
  110  9:39  Stalker x6  
  110  9:44  Robotics Bay  
  118  10:05  Stalker x4  
  106  10:18  Zealot x2  
  104  10:40  Stalker x2  
  99  10:55  Stalker x2  
  95  11:18  Probe  
  95  11:19  Probe  
  95  11:25  Pylon  
  97  11:38  Pylon  
  97  11:43  Robotics Facility  
  97  12:01  Assimilator  
  97  12:15  Sentry x5  
  103  12:16  Sentry  
  103  12:19  Pylon  
  109  12:29  Robotics Facility  
  94  13:03  Zealot x2  
  94  13:04  Zealot  
  94  13:05  Zealot x6  

Tags
 
Add a new tag
Caveats
  • Supply blocks, unpowered buildings, or Contaminate may cause inaccurate times.
  • Supply counts are checked every 10 seconds.